 Dungeon Crawl Stone Soup version 0.20.0-7-g3b7b877 (webtiles) character file.

156 kuniqs the Digger (level 5, -1/26 HPs)
             Began as a Vine Stalker Earth Elementalist on May 29, 2017.
             Killed from afar by Blork the orc (6 damage)
             ... with a magic dart
             ... on level 4 of the Dungeon.
             The game lasted 00:05:10 (2376 turns).

kuniqs the Digger (Vine Stalker Earth Elementalist) Turns: 2376, Time: 00:05:11

Health: -1/26      AC:  5    Str: 11    XL:     5   Next: 38%
Magic:  0/9        EV:  8    Int: 15    God:
Gold:   161        SH:  7    Dex: 17    Spells: 7/8 levels left

rFire    + . .     SeeInvis .   h - +0 dagger (curse)
rCold    . . .     Gourm    .   o - +0 shield
rNeg     . . .     Faith    .   c - +0 ring mail (curse)
rPois    .         Spirit   +   (no helmet)
rElec    .         Reflect  .   (no cloak)
rCorr    .         Harm     .   (no gloves)
MR       .....                  (no boots)
Stlth    ++........             (no amulet)
Regen    0.5/turn               u - +2 ring of dexterity
MPRegen  0.2/turn               v - ring of protection from fire

@: no status effects
A: fangs 2, regeneration 1, magic shield, antimagic bite, no potion heal 3, rot
immunity
a: no special abilities


You were on level 4 of the Dungeon.
You were not hungry.

You visited 1 branch of the dungeon, and saw 4 of its levels.

You collected 161 gold pieces.

Inventory:

Hand Weapons
 h - a cursed +0 dagger (weapon)
 n - a +4 club
Missiles
 b - 74 stones (quivered)
Armour
 c - a cursed +0 ring mail (worn)
 o - a +0 shield (worn)
Jewellery
 u - a +2 ring of dexterity (left hand)
 v - a ring of protection from fire (right hand)
Wands
 a - a wand of paralysis (12/24)
 t - a wand of confusion (18/48)
Scrolls
 l - a scroll of identify {@r1}
 r - a scroll of teleportation
Potions
 g - a potion of might
 i - a potion of flight
 k - a potion of haste
 m - a potion of curing {@q1}
 p - a potion of lignification
 q - a potion of agility
Books
 s - a book of Geomancy

   Spells                             Type                      Level
   a - Sandblast                      Earth                        1
   b - Passwall                       Transmutation/Earth          2
   c - Stone Arrow                    Conjuration/Earth            3
   d - Petrify                        Transmutation/Earth          4
   e - Lee's Rapid Deconstruction     Earth                        5
Comestibles
 d - 2 bread rations
 e - 2 meat rations
 f - a fruit
 j - 4 chunks of flesh


   Skills:
 + Level 2.2 Fighting
 + Level 1.2 Short Blades
 + Level 1.9 Armour
 + Level 2.3 Dodging
 - Level 2.4 Stealth
 + Level 1.1 Shields
 - Level 2.1 Spellcasting
   Level 1.0 Transmutations
 - Level 3.0 Earth Magic


You had 7 spell levels left.
You knew the following spells:

 Your Spells              Type           Power        Failure   Level  Hunger
a - Sandblast             Erth           ##....       67%         1    #......


Dungeon Overview and Level Annotations

Branches:
Dungeon (4/15)
 Temple: D:4-7

Altars:
Ashenzari
Cheibriados
Nemelex Xobeh
The Shining One

Annotations:
D:3 Grinder
D:4 Blork the orc


Innate Abilities, Weirdness & Mutations

You have extremely sharp teeth.
Your natural rate of healing is unusually fast.
When hurt, damage is shared between your health and your magic reserves.
Your bite disrupts and absorbs the magic of your enemies.
Potions cannot restore your health.
You are immune to rotting.


Message History

Blork the orc is lightly wounded.
Blork the orc hits you with a war axe.
Some of the chunks of flesh in your inventory have rotted away.
You hit Blork the orc.
Blork the orc is moderately wounded.
Blork the orc hits you with a war axe!
You are too injured to fight recklessly!
You are too injured to fight recklessly!
You are too injured to fight recklessly!
You hit Blork the orc.
You bite Blork the orc, but do no damage.
Blork the orc is moderately wounded.
Blork the orc hits you with a war axe!
* * * LOW HITPOINT WARNING * * *
You hit Blork the orc but do no damage.
Blork the orc is moderately wounded.
The quokka bites you but does no damage.
Blork the orc gestures at you while chanting.
The magic dart hits you!
You die...

.............#
.............#.........#
.............#.........#
.......##....#.........#
.......##....#.........#
..##.........#.........#
####.........#.........#
...#.........#..or.....#
...#.........#..@.?....#
...+...#######.........#
####...##....#.........#
...#....#....#.........#
...#....#....#.........#
...#....+....#.........#
...#....#....#.........+
...#....#....#.........#
...#....#....#.........#


You could see Blork the orc and a quokka.

Vanquished Creatures
  Ijyb (D:4)
  A hound skeleton (D:4)
  3 gnolls (D:4)
  3 adders (D:2)
  An ooze (D:4)
  A worm (D:2)
  A dart slug (D:2)
  3 leopard geckos
  3 orcs (D:4)
  A ball python (D:1)
  7 bats
  2 giant cockroaches (D:1)
  3 goblins (D:1)
  7 hobgoblins
  4 jackals (D:4)
  2 frilled lizards
  2 kobolds (D:1)
  A leopard gecko skeleton (D:4)
  A quokka skeleton (D:4)
  4 rats
51 creatures vanquished.

Notes
Turn   | Place    | Note
-------+----------+-------------------------------------------
     0 | D:1      | kuniqs the Vine Stalker Earth Elementalist began the quest for the Orb.
     0 | D:1      | Reached XP level 1. HP: 9/9 MP: 4/4
   265 | D:1      | Reached skill level 1 in Fighting
   265 | D:1      | Reached XP level 2. HP: 14/14 MP: 4/6
   717 | D:1      | Reached skill level 1 in Armour
   787 | D:2      | Reached XP level 3. HP: 18/18 MP: 4/7
   800 | D:2      | Found a snail-covered altar of Cheibriados.
   826 | D:2      | Found a sparkling altar of Nemelex Xobeh.
   832 | D:2      | Found a glowing golden altar of the Shining One.
   929 | D:2      | Found a shattered altar of Ashenzari.
  1388 | D:2      | Gained mutation: Your natural rate of healing is unusually fast. [Vine Stalker growth]
  1388 | D:2      | Reached XP level 4. HP: 15/23 MP: 6/8
  1569 | D:3      | Noticed Grinder
  1657 | D:4      | Noticed Ijyb
  1882 | D:4      | HP: 1/23 [Ijyb/enchanted club (2)]
  1928 | D:4      | Killed Ijyb
  2041 | D:4      | Reached skill level 1 in Short Blades
  2041 | D:4      | HP: 1/23 [ooze (2)]
  2085 | D:4      | Reached XP level 5. HP: 10/26 MP: 4/9
  2142 | D:4      | Reached skill level 1 in Shields
  2364 | D:4      | Noticed Blork the orc
  2376 | D:4      | Killed from afar by Blork the orc

Skill      XL: |  1  2  3  4  5 |
---------------+----------------+-----
Fighting       | 1 2 |  2.2
Armour         | 1 |  1.9
Dodging        | 2 |  2.3
Short Blades   | 1 |  1.2
Shields        | 1 |  1.1
Stealth        | |  2.4
Spellcasting   | |  2.1
Transmutations | |  1.0
Earth Magic    | |  3.0

Action                   |  1- 3 |  4- 6 || total
-------------------------+-------+-------++-------
Melee: Unarmed           |    22 |       ||    22
       Dagger            |    80 |   255 ||   335
       Bite              |    20 |    83 ||   103
 Cast: Sandblast         |    26 |       ||    26
Evoke: Wand              |       |     3 ||     3
  Use: Scroll            |       |     9 ||     9
       Potion            |       |     3 ||     3
 Stab: Sleeping          |       |     2 ||     2
       Confused          |       |     1 ||     1
  Eat: Chunk             |     2 |     4 ||     6
Armor: Ring mail         |    65 |    67 ||   132
Dodge: Dodged            |    69 |    92 ||   161
Block: Shield            |     9 |    87 ||    96
